 Dungeon Crawl Stone Soup version 0.28-a0-1382-g92835e5c71 (webtiles) character file.

Game seed: 16738913982936690257

1636 bjtr the Destroyer (level 9, 0/62 HPs)
             Began as a Human Conjurer on Jan 1, 2022.
             Was an Initiate of Vehumet.
             Succumbed to a water moccasin's poison
             ... on level 6 of the Dungeon.
             The game lasted 00:22:22 (6731 turns).

bjtr the Destroyer (Human Conjurer)                 Turns: 6731, Time: 00:22:23

Health: 0/62       AC:  4    Str:  7    XL:     9   Next: 18%
Magic:  17/17      EV: 13    Int: 23    God:    Vehumet [......]
Gold:   268        SH:  0    Dex: 12    Spells: 12/19 levels left

rFire   . . .      SeeInvis .   D - +5 scimitar (freeze)
rCold   . . .      Faith    .   (no shield)
rNeg    . . .      Spirit   .   a - +0 robe
rPois   .          Reflect  .   q - +0 helmet
rElec   .          Harm     .   (no cloak)
rCorr   .          Rampage  .   B - +0 pair of gloves
Will    .....                   (no boots)
Stlth   ++........              (no amulet)
HPRegen 0.20/turn               (no ring)
MPRegen 0.15/turn               (no ring)

@: lethally poisoned (0 -> -35), flying
A: no striking features
a: Renounce Religion


You were on level 6 of the Dungeon.
You worshipped Vehumet.
Vehumet was noncommittal.
You visited 2 branches of the dungeon, and saw 7 of its levels.

You collected 268 gold pieces.

Inventory:

Hand Weapons
 e - a +0 dagger
 l - a +0 hand axe
 p - a +0 falchion
 r - a +2 short sword of flaming
 s - a +0 rapier
 t - a +2 flail of holy wrath
 D - a +5 scimitar of freezing (weapon)
 E - a +2 morningstar
Missiles
 g - 15 bolts
 m - 36 sling bullets
 n - 159 stones (quivered)
 o - 6 boomerangs
Armour
 a - a +0 robe (worn)
 j - a +0 leather armour
 q - a +0 helmet (worn)
 y - a +0 ring mail
 B - a +0 pair of gloves (worn)
Jewellery
 z - a ring of ice
 C - a ring of wizardry
Scrolls
 d - a scroll of identify
 h - 2 scrolls of vulnerability
 i - a scroll of teleportation
 k - 2 scrolls of enchant armour
 w - 2 scrolls of amnesia
 A - a scroll of silence {unknown}
 F - a scroll of torment {unknown}
Potions
 b - a potion of mutation {unknown}
 c - a potion of flight
 f - a potion of curing {unknown}
 u - a potion of heal wounds {unknown}
 v - a potion of invisibility {unknown}
 x - a potion of degeneration {unknown}


   Skills:
 + Level 2.6 Fighting
 + Level 4.4 Dodging
 - Level 2.0 Stealth
 + Level 5.7 Spellcasting
 * Level 8.4 Conjurations
 * Level 2.4 Hexes


You had 12 spell levels left.
You knew the following spells:

 Your Spells              Type           Power      Damage    Failure   Level
a - Magic Dart            Conj           100%       1d8       1%          1
b - Searing Ray           Conj           90%        2d7       1%          2
c - Iskenderun's Mystic   Conj/Tloc      25%        2d7       16%         4

Your spell library contained the following spells:

 Spells                   Type           Power      Damage    Failure   Level
 Dazzling Flash           Conj/Hex       62%        N/A       2%          3
 Confusing Touch          Hex            17%        N/A       10%         3
 Fulminant Prism          Conj/Hex       15%        3d11      10%         4
 Inner Flame              Hex/Fire       12%        N/A       16%         3
 Cause Fear               Hex            8%         N/A       32%         4
 Yara's Violent Unravell  Hex/Tmut       6%         3d5       83%         5
 Lee's Rapid Deconstruct  Erth           3%         3d6*      94%         5
 Enfeeble                 Hex            8%         N/A       100%        7
 Discord                  Hex            8%         N/A       100%        8


Dungeon Overview and Level Annotations

Branches:
Dungeon (6/15)             Temple (1/1) D:6

Altars:
Ashenzari
Cheibriados
Dithmenos
Elyvilon
Fedhas
Hepliaklqana
Kikubaaqudgha
Makhleb
Nemelex Xobeh
Okawaru
Qazlal
Ru
Sif Muna
Trog
Uskayaw
Vehumet
Wu Jian
Xom
Yredelemnul
Zin
The Shining One

Shops:
D:2 =

Annotations:
D:5 Pikel


Message History

You hit the water moccasin. You freeze the water moccasin.
The water moccasin is moderately wounded.
The water moccasin barely misses you. The water moccasin bites you.
You are poisoned.
The water moccasin poisons you!
You miss the water moccasin.
The water moccasin is moderately wounded.
You feel very sick. The water moccasin barely misses you.
The water moccasin bites you.
You slash the water moccasin!
The water moccasin seems to slow down.
You freeze the water moccasin.
The water moccasin is severely wounded.
You feel very sick.
The water moccasin is no longer moving slowly.
The water moccasin bites you.
You are more poisoned.
The water moccasin poisons you! The water moccasin bites you!
Unknown command.
You feel very sick.
You feel very sick. The water moccasin bites you.
You barely miss the water moccasin.
The water moccasin is severely wounded.
You feel very sick.
The water moccasin completely misses you.
The water moccasin misses you.
You closely miss the water moccasin.
The water moccasin is severely wounded.
You feel very sick. The water moccasin bites you.
* * * LOW HITPOINT WARNING * * *
You are lethally poisoned!
The water moccasin poisons you! The water moccasin bites you.
* * * LOW HITPOINT WARNING * * *
You are more poisoned.
The water moccasin poisons you!
It was a potion of flight.
You feel very buoyant.
You fly up into the air.
You die...

##.##....##..............#####
#.##....##..............#
#.########..............#####..
#.#####################.......#
#........... #.######.
##............#### #.#
.................#######.#
##........!.."##S##...##.#
#[########## #@##.#.#..# #)#
#[...# ####.#.......# #[#
#....# #....#.#.#...# #
#.###....###......#.###....#
#...+...)).......##...###....
##.###...)##......#........#.#
....##....##.....##..>..##...#
##..########...#........#....#
##..########.....###...##...##


You could see a water moccasin.

Vanquished Creatures
  Sigmund (D:6)
  Edmund (D:4)
  A black bear (D:5)
  An ice beast (D:5)
  A necrophage (D:5)
  An ogre (D:5)
  A phantom (D:5)
  3 bullfrogs
  A scorpion (D:4)
  A water moccasin skeleton (D:5)
  4 wights (D:6)
  A jelly (D:4)
  4 orc priests
  A bullfrog skeleton (D:6)
  3 hounds (D:5)
  3 iguanas
  A howler monkey zombie (D:6)
  4 adders
  A white imp (D:6)
  An adder skeleton (D:4)
  2 worms (D:4)
  A dart slug (D:4)
  9 orcs
  6 bats
  5 endoplasms
  A giant cockroach (D:4)
  5 goblins
  5 hobgoblins
  3 quokkas
  6 ball pythons
  2 frilled lizards (D:2)
  4 kobolds
  5 rats
89 creatures vanquished.

Notes
Turn   | Place    | Note
-------+----------+-------------------------------------------
     0 | D:1      | bjtr the Human Conjurer began the quest for the Orb.
     0 | D:1      | Reached XP level 1. HP: 13/13 MP: 3/3
   299 | D:1      | Reached XP level 2. HP: 19/19 MP: 0/5
   465 | D:1      | Found a faded altar of an unknown god.
   602 | D:1      | Learned a level 2 spell: Searing Ray
   805 | D:2      | Found Zynkiq's Jewellery Boutique.
   895 | D:2      | Reached XP level 3. HP: 24/24 MP: 0/6
  1309 | D:2      | You fall into a shaft and drop 2 floors!
  1320 | D:4      | Noticed Edmund
  1356 | D:4      | Reached XP level 4. HP: 22/30 MP: 2/7
  1532 | D:4      | Reached skill level 5 in Conjurations
  1821 | D:4      | Noticed a scorpion
  1873 | D:4      | Reached XP level 5. HP: 20/35 MP: 1/9
  2269 | D:4      | Killed Edmund
  2270 | D:4      | Reached skill level 6 in Conjurations
  2270 | D:4      | Reached XP level 6. HP: 17/42 MP: 4/11
  3065 | D:3      | Reached XP level 7. HP: 47/47 MP: 1/12
  3081 | D:3      | Learned a level 4 spell: Iskenderun's Mystic Blast
  3354 | D:5      | Entered Level 5 of the Dungeon
  3444 | D:5      | Noticed Pikel
  3458 | D:5      | Reached skill level 1 in Fighting
  3667 | D:5      | Paralysed by Pikel for 4 turns
  3675 | D:5      | Paralysed by Pikel for 4 turns
  4150 | D:5      | Reached skill level 7 in Conjurations
  4150 | D:5      | Reached XP level 8. HP: 36/54 MP: 5/15
  4584 | D:5      | Reached skill level 5 in Spellcasting
  5047 | D:5      | Reached skill level 1 in Hexes
  5930 | D:6      | Reached skill level 8 in Conjurations
  5990 | D:6      | Found a staircase to the Ecumenical Temple.
  6004 | Temple   | Entered the Ecumenical Temple
  6292 | Temple   | Became a worshipper of Vehumet
  6478 | D:6      | Noticed Sigmund
  6483 | D:6      | Killed Sigmund
  6484 | D:6      | Reached XP level 9. HP: 60/62 MP: 11/17
  6731 | D:6      | Succumbed to a water moccasin's poison

Illustrated notes

Levels and vault maps discovered:
D:1:      dpeg_arrival_windows_large_door, layout_rooms,
          chequers_ecumenical_altar_grove
D:2:      layout_loops_ring, serial_shops, nicolae_diamond_shop,
          kennysheep_generic_room_15
D:3:      layout_rooms
D:4:      layout_loops_ring, cheibrodos_sewer_entry_bend,
          minmay_splitting_lines, minmay_misc_feat_iff, uniq_edmund
D:5:      layout_basic, uniq_pikel
D:6:      layout_basic, minmay_temple_entry_slanted, uniq_sigmund,
          uniq_eustachio
Temple:   mainiacjoe_temple_trianglar_array

Skill      XL: |  1  2  3  4  5  6  7  8 |
---------------+-------------------------+-----
Conjurations   | 5 6 7 8 |  8.4
Spellcasting   | 3 4 5 |  5.7
Fighting       | 1 2 |  2.6
Dodging        | 3 4 |  4.4
Hexes          | 2 |  2.4
Stealth        | |  2.0

Action                   |  1- 3 |  4- 6 |  7- 9 || total
-------------------------+-------+-------+-------++-------
Melee: Unarmed           |     1 |       |       ||     1
       Dagger            |    15 |       |       ||    15
       Short sword       |       |    27 |    21 ||    48
       Scimitar          |       |       |    20 ||    20
Throw: Throwing net      |       |       |     1 ||     1
 Cast: Magic Dart        |    40 |       |     2 ||    42
       Searing Ray       |     5 |    19 |    23 ||    47
  Use: Scroll            |     4 |       |     4 ||     8
       Potion            |       |       |     1 ||     1
 Stab: Sleeping          |       |       |     1 ||     1
Armor: Robe              |     2 |     9 |    14 ||    25
Dodge: Dodged            |    17 |    45 |    51 ||   113

Table legend: (Time is in decaauts)
 A = Elapsed time spent in this place.
 B = Non-inter-level travel time spent in this place.
 C = Inter-level travel time spent in this place.
 D = Time resting spent in this place.
 E = Time spent auto-exploring this place.
 F = Levels seen in this place.
 G = Mean time per level.
                   A        B        C        D        E       F      G
               +--------+--------+--------+--------+--------+-----+--------+
         Total |   6754 |   6585 |    169 |    934 |   4402 |   7 |  964.9 |
       Dungeon |   6285 |   6138 |    147 |    934 |   3961 |   6 | 1047.5 |
        Temple |    468 |    446 |     22 |      0 |    441 |   1 |  468.0 |
               +--------+--------+--------+--------+--------+-----+--------+

Top non-repeatable levels by time:
     D:5: 1663 daAuts
     D:4: 1533 daAuts
     D:2: 958 daAuts
     D:6: 913 daAuts
     D:1: 746 daAuts
     D:3: 469 daAuts
  Temple: 468 daAuts
